TOP OF THE 1ST |
---|
Bismark Border Guards batting - Pitching for Bismarck Barons : RHP Kyle Horton | Pitching: RHP Kyle Horton | | Batting: RHB Richie Sawyer | 0-0: Called Strike 0-1: Foul Ball, location: 2F 0-2: Ball 1-2: Foul Ball, location: 2F 1-2: Ball 2-2: Foul Ball, location: 2F 2-2: Foul Ball, location: 2F 2-2: Ball 3-2: Foul Ball, location: 2F 3-2: Strikes out looking | Batting: RHB Alfredo Farías | 0-0: Called Strike 0-1: Ground out 5-3 (Groundball, 5) | Batting: RHB Vincent Braun | 0-0: Ball 1-0: Ball 2-0: SINGLE (Flyball, 78S) | Batting: RHB Leonard Harris | 0-0: SINGLE (Line Drive, 8LS) Vincent Braun to second | Batting: LHB Carlos Valentín | 0-0: Foul Ball, location: 2F 0-1: Ball 1-1: Ground out 4-3 (Groundball, 4S) | Top of the 1st over - 0 runs, 2 hits, 0 errors, 2 left on base; Bismark 0 - Bismarck 0 | BOTTOM OF THE 1ST |
---|
Bismarck Barons batting - Pitching for Bismark Border Guards : RHP Marcos Medina | Pitching: RHP Marcos Medina | | Batting: RHB Xie-li Fong | 0-0: Called Strike 0-1: Ball 1-1: Foul Ball, location: 2F 1-2: Ball 2-2: Strikes out swinging, 2-3 out at first. | Batting: RHB Dave Anderson | 0-0: Ball 1-0: Ball 2-0: Fly out, F8 (Flyball, 8RS) | Batting: RHB Jason Stover | 0-0: Called Strike 0-1: Fly out, F5 (Popup, 5S) | Bottom of the 1st over - 0 runs, 0 hits, 0 errors, 0 left on base; Bismark 0 - Bismarck 0 | TOP OF THE 2ND |
---|
Bismark Border Guards batting - Pitching for Bismarck Barons : RHP Kyle Horton | Batting: RHB Cipriano Baca | 0-0: Called Strike 0-1: Foul Ball, location: 2F 0-2: Ball 1-2: Ball 2-2: SINGLE (Line Drive, 89S) | Batting: RHB Rodrigo García | 0-0: Called Strike 0-1: Ball 1-1: Fly out, F8 (Flyball, 78D) | Batting: RHB José Vidal | 0-0: Called Strike 0-1: Ball 1-1: Ball 2-1: Swinging Strike 2-2: Ball 3-2: Strikes out looking | Batting: SHB Troy Holland | 0-0: Ball 1-0: Swinging Strike 1-1: Foul Ball, location: 2F 1-2: Strikes out swinging | Top of the 2nd over - 0 runs, 1 hit, 0 errors, 1 left on base; Bismark 0 - Bismarck 0 | BOTTOM OF THE 2ND |
---|
Bismarck Barons batting - Pitching for Bismark Border Guards : RHP Marcos Medina | Batting: RHB Jesús Ramos | 0-0: Ball 1-0: Ball 2-0: DOUBLE (Line Drive, 78D) | Batting: RHB Fernando Castellanos | 0-0: Fly out, F4 (Line Drive, 4) Lined into DP, 4-6 (Line Drive, 4) | Batting: RHB Dennis Garner | 0-0: Ball 1-0: Ball 2-0: Called Strike 2-1: Swinging Strike 2-2: Foul Ball, location: 2F 2-2: SOLO HOME RUN (Flyball, 7LD), Distance : 321 ft | Batting: RHB Eugenio Maldonado | 0-0: Foul Ball, location: 2F 0-1: Fly out, F8 (Flyball, 89D) | Bottom of the 2nd over - 1 run, 2 hits, 0 errors, 0 left on base; Bismark 0 - Bismarck 1 | TOP OF THE 3RD |
---|
Bismark Border Guards batting - Pitching for Bismarck Barons : RHP Kyle Horton | Batting: RHB Richie Sawyer | 0-0: Ball 1-0: Ball 2-0: Ball 3-0: Fly out, F4 (Popup, 4D) | Batting: RHB Alfredo Farías | 0-0: Ball 1-0: Called Strike 1-1: Called Strike 1-2: Ball 2-2: SINGLE (Line Drive, 9S) | Batting: RHB Vincent Braun | 0-0: Called Strike 0-1: Foul Ball, location: 2F 0-2: SINGLE (Groundball, 6MD) Alfredo Farías to second | Batting: RHB Leonard Harris | 0-0: SINGLE (Line Drive, 9S) Alfredo Farías to third Vincent Braun to second Runner from 3rd tries for Home, SAFE, no throw | Batting: LHB Carlos Valentín | 0-0: Foul Ball, location: 2F 0-1: SINGLE (Groundball, 4D) Vincent Braun to third Leonard Harris to second Runner from 3rd tries for Home, throw and OUT! | Batting: RHB Cipriano Baca | 0-0: Ground out 5-3 (Groundball, 56S) | Top of the 3rd over - 1 run, 4 hits, 0 errors, 2 left on base; Bismark 1 - Bismarck 1 | BOTTOM OF THE 3RD |
---|
Bismarck Barons batting - Pitching for Bismark Border Guards : RHP Marcos Medina | Batting: RHB José Ruíz | 0-0: Foul Ball, location: 2F 0-1: Ball 1-1: Swinging Strike 1-2: Strikes out swinging | Batting: RHB Mark Roy | 0-0: Ball 1-0: Ground out 5-3 (Groundball, 56S) | Batting: RHB Xie-li Fong | 0-0: Called Strike 0-1: Foul Ball, location: 2F 0-2: Ball 1-2: Foul Ball, location: 2F 1-2: Ball 2-2: Foul Ball, location: 2F 2-2: Ball 3-2: Base on Balls | Batting: RHB Dave Anderson | 0-0: Called Strike Xie-li Fong steals 2nd base 0-1: Foul Ball, location: 2F 0-2: Ground out 5-3 (Groundball, 56) | Bottom of the 3rd over - 0 runs, 0 hits, 0 errors, 1 left on base; Bismark 1 - Bismarck 1 | TOP OF THE 4TH |
---|
Bismark Border Guards batting - Pitching for Bismarck Barons : RHP Kyle Horton | Batting: RHB Rodrigo García | 0-0: Fly out, F6 (Line Drive, 6M) | Batting: RHB José Vidal | 0-0: Called Strike 0-1: Foul Ball, location: 2F 0-2: Foul Ball, location: 2F 0-2: Strikes out looking | Batting: SHB Troy Holland | 0-0: Foul Ball, location: 2F 0-1: Called Strike 0-2: Ball 1-2: Foul Ball, location: 2F 1-2: Ball 2-2: Strikes out swinging | Top of the 4th over - 0 runs, 0 hits, 0 errors, 0 left on base; Bismark 1 - Bismarck 1 | BOTTOM OF THE 4TH |
---|
Bismarck Barons batting - Pitching for Bismark Border Guards : RHP Marcos Medina | Batting: RHB Jason Stover | 0-0: Foul Ball, location: 2F 0-1: Ball 1-1: Ground out 4-3 (Groundball, 34) | Batting: RHB Jesús Ramos | 0-0: Ball 1-0: Called Strike 1-1: Ground out 4-3 (Groundball, 4) | Batting: RHB Fernando Castellanos | 0-0: Ball 1-0: Swinging Strike 1-1: Swinging Strike 1-2: Foul Ball, location: 2F 1-2: Ground out 4-3 (Groundball, 34) | Bottom of the 4th over - 0 runs, 0 hits, 0 errors, 0 left on base; Bismark 1 - Bismarck 1 | TOP OF THE 5TH |
---|
Bismark Border Guards batting - Pitching for Bismarck Barons : RHP Kyle Horton | Batting: RHB Richie Sawyer | 0-0: SOLO HOME RUN (Flyball, 7D), Distance : 350 ft | Batting: RHB Alfredo Farías | 0-0: Ball 1-0: Foul Ball, location: 2F 1-1: SINGLE (Groundball, 6MD) | Batting: RHB Vincent Braun | 0-0: Called Strike 0-1: Ball 1-1: Called Strike 1-2: Foul Ball, location: 2F 1-2: Ball 2-2: Ball 3-2: Grounds into double play, 5-4-3 (Groundball, 56) | Batting: RHB Leonard Harris | 0-0: Ball 1-0: Called Strike 1-1: Foul Ball, location: 2F 1-2: Ball 2-2: Ball 3-2: Strikes out swinging | Top of the 5th over - 1 run, 2 hits, 0 errors, 0 left on base; Bismark 2 - Bismarck 1 | BOTTOM OF THE 5TH |
---|
Bismarck Barons batting - Pitching for Bismark Border Guards : RHP Marcos Medina | Batting: RHB Dennis Garner | 0-0: Foul Ball, location: 2F 0-1: Fly out, F7 (Flyball, 7S) | Batting: RHB Eugenio Maldonado | 0-0: Ball 1-0: SINGLE (Line Drive, 89M) | Batting: RHB José Ruíz | 0-0: Called Strike 0-1: Foul Ball, location: 2F 0-2: Ball 1-2: Strikes out swinging | Batting: RHB Mark Roy | 0-0: Ball 1-0: Ball 2-0: Ball 3-0: Base on Balls Eugenio Maldonado to second | Batting: RHB Xie-li Fong | 0-0: Called Strike 0-1: Swinging Strike 0-2: Foul Ball, location: 2F 0-2: Ground out U3 (Groundball, 34) | Bottom of the 5th over - 0 runs, 1 hit, 0 errors, 2 left on base; Bismark 2 - Bismarck 1 | TOP OF THE 6TH |
---|
Bismark Border Guards batting - Pitching for Bismarck Barons : RHP Kyle Horton | Batting: LHB Carlos Valentín | 0-0: Ball 1-0: Ball 2-0: Called Strike 2-1: Foul Ball, location: 2F 2-2: Foul Ball, location: 2F 2-2: Fly out, F9 (Line Drive, 9D) | Batting: RHB Cipriano Baca | 0-0: Ball 1-0: Ball 2-0: SINGLE (Groundball, 4MD) | Batting: RHB Rodrigo García | 0-0: Ball 1-0: Called Strike Cipriano Baca steals 2nd base 1-1: SINGLE (Groundball, 56D) Cipriano Baca to third Runner from 3rd tries for Home, SAFE, throw made home | Batting: RHB José Vidal | 0-0: Ball 1-0: Called Strike 1-1: Ball 2-1: Ball 3-1: Fly out, F3 (Popup, 3S) | Batting: SHB Troy Holland | 0-0: Fielders Choice at 2nd, 6-4 (Groundball, 6) | Top of the 6th over - 1 run, 2 hits, 0 errors, 1 left on base; Bismark 3 - Bismarck 1 | BOTTOM OF THE 6TH |
---|
Bismarck Barons batting - Pitching for Bismark Border Guards : RHP Marcos Medina | Batting: RHB Dave Anderson | 0-0: DOUBLE (Line Drive, 7LM) | Batting: RHB Jason Stover | 0-0: Fly out, F9 (Flyball, 9D) Runner from 2nd tags up, SAFE at 3rd, no throw | Batting: RHB Jesús Ramos | 0-0: Ball 1-0: SINGLE (Flyball, 8RS) Dave Anderson scores | Batting: RHB Fernando Castellanos | 0-0: Ball 1-0: Foul Ball, location: 2F 1-1: Swinging Strike 1-2: Ball 2-2: Fly out, F3 (Popup, 34S) | Pitching: RHP Esteban Corona | | Batting: RHB Dennis Garner | 0-0: Ball 1-0: Fielders Choice at 2nd, 6-4 (Groundball, 6) | Bottom of the 6th over - 1 run, 2 hits, 0 errors, 1 left on base; Bismark 3 - Bismarck 2 | TOP OF THE 7TH |
---|
Bismark Border Guards batting - Pitching for Bismarck Barons : RHP Kyle Horton | Pitching: RHP Domingo León | | Batting: RHB Richie Sawyer | 0-0: Called Strike 0-1: Ball 1-1: Ball 2-1: Ball 3-1: Called Strike 3-2: Foul Ball, location: 2F 3-2: Foul Ball, location: 2F 3-2: SINGLE (Line Drive, 56) | Pinch Hitting: LHB José Delgado | 0-0: Ball 1-0: Called Strike 1-1: Single, Error in OF, E9, batter to second base Richie Sawyer to third | Batting: RHB Vincent Braun | 0-0: Intentional Walk | Batting: RHB Leonard Harris | 0-0: Called Strike 0-1: Ball 1-1: Swinging Strike 1-2: Ball 2-2: GRAND SLAM HOME RUN (Line Drive, 7LD), Distance : 315 ft | Batting: LHB Carlos Valentín | 0-0: Ball 1-0: Foul Ball, location: 2F 1-1: Called Strike 1-2: Ball 2-2: Ball 3-2: Foul Ball, location: 2F 3-2: Base on Balls | Batting: RHB Cipriano Baca | 0-0: Ball 1-0: Called Strike 1-1: Swinging Strike 1-2: Foul Ball, location: 2F 1-2: Ball 2-2: Ground out U3 (Groundball, 34S) Carlos Valentín to second | Batting: RHB Rodrigo García | 0-0: Swinging Strike 0-1: Swinging Strike 0-2: Ball 1-2: Ball 2-2: Strikes out swinging | Batting: RHB José Vidal | 0-0: Ball 1-0: Ball 2-0: Ball 3-0: Called Strike 3-1: Swinging Strike 3-2: Foul Ball, location: 2F 3-2: Base on Balls | Batting: SHB Troy Holland | 0-0: Ground out 6-3 (Groundball, 6M) | Top of the 7th over - 4 runs, 3 hits, 1 error, 2 left on base; Bismark 7 - Bismarck 2 | BOTTOM OF THE 7TH |
---|
Bismarck Barons batting - Pitching for Bismark Border Guards : RHP Esteban Corona | Now in CF: José Delgado | | Batting: RHB Eugenio Maldonado | 0-0: Ball 1-0: Called Strike 1-1: Ball 2-1: Called Strike 2-2: Strikes out swinging | Batting: RHB José Ruíz | 0-0: Fly out, F8 (Flyball, 8LD) | Batting: RHB Mark Roy | 0-0: Called Strike 0-1: Ball 1-1: Fly out, F9 (Flyball, 89D) | Bottom of the 7th over - 0 runs, 0 hits, 0 errors, 0 left on base; Bismark 7 - Bismarck 2 | TOP OF THE 8TH |
---|
Bismark Border Guards batting - Pitching for Bismarck Barons : RHP Domingo León | Batting: RHB Richie Sawyer | 0-0: Ball 1-0: Swinging Strike 1-1: Foul Ball, location: 2F 1-2: Strikes out swinging | Batting: LHB José Delgado | 0-0: Ball 1-0: Fly out, F6 (Line Drive, 6) | Batting: RHB Vincent Braun | 0-0: Ball 1-0: SINGLE (Flyball, 9S) | Batting: RHB Leonard Harris | 0-0: Ball 1-0: Swinging Strike 1-1: Foul Ball, location: 2F 1-2: Strikes out swinging | Top of the 8th over - 0 runs, 1 hit, 0 errors, 1 left on base; Bismark 7 - Bismarck 2 | BOTTOM OF THE 8TH |
---|
Bismarck Barons batting - Pitching for Bismark Border Guards : RHP Esteban Corona | Now at 1B: Vicente Pagán | | Batting: RHB Xie-li Fong | 0-0: Ball 1-0: Called Strike 1-1: SINGLE (Line Drive, 7S) | Batting: RHB Dave Anderson | 0-0: Called Strike 0-1: SINGLE (Line Drive, 4MD) Xie-li Fong to second Runner from 2nd tries for 3rd, SAFE, throw made to third | Batting: RHB Jason Stover | 0-0: Foul Ball, location: 2F 0-1: Foul Ball, location: 2F 0-2: Foul Ball, location: 2F 0-2: Ball 1-2: Strikes out swinging | Batting: RHB Jesús Ramos | 0-0: Swinging Strike 0-1: Foul Ball, location: 2F 0-2: Foul Ball, location: 2F 0-2: Foul Ball, location: 2F 0-2: Foul Ball, location: 2F 0-2: Ball 1-2: Ball 2-2: Strikes out looking | Batting: RHB Fernando Castellanos | 0-0: Fly out, F8 (Flyball, 8RD) | Bottom of the 8th over - 0 runs, 2 hits, 0 errors, 2 left on base; Bismark 7 - Bismarck 2 | TOP OF THE 9TH |
---|
Bismark Border Guards batting - Pitching for Bismarck Barons : RHP Domingo León | Batting: LHB Carlos Valentín | 0-0: Called Strike 0-1: Foul Ball, location: 2F 0-2: Ball 1-2: SINGLE (Groundball, 4D) | Batting: RHB Cipriano Baca | 0-0: Called Strike 0-1: Grounds into double play, 6-4-3 (Groundball, 6) | Batting: RHB Rodrigo García | 0-0: Called Strike 0-1: Called Strike 0-2: SOLO HOME RUN (Flyball, 7LD), Distance : 328 ft | Batting: RHB José Vidal | 0-0: Ball 1-0: Swinging Strike 1-1: Foul Ball, location: 2F 1-2: Ball 2-2: Reached on error, E5 (Groundball, 56) | Batting: SHB Troy Holland | 0-0: Ground out 4-3 (Groundball, 4) | Top of the 9th over - 1 run, 2 hits, 1 error, 1 left on base; Bismark 8 - Bismarck 2 | BOTTOM OF THE 9TH |
---|
Bismarck Barons batting - Pitching for Bismark Border Guards : RHP Esteban Corona | Batting: RHB Dennis Garner | 0-0: Called Strike 0-1: Ball 1-1: DOUBLE (Flyball, 8RD) | Batting: RHB Eugenio Maldonado | 0-0: Called Strike 0-1: Called Strike 0-2: Ball 1-2: Foul Ball, location: 2F 1-2: SINGLE (Line Drive, 78S) Dennis Garner to third | Batting: RHB José Ruíz | 0-0: Ball 1-0: Ball 2-0: Ball 3-0: Base on Balls Eugenio Maldonado to second | Batting: RHB Mark Roy | 0-0: Swinging Strike 0-1: Ball 1-1: Swinging Strike 1-2: Ball 2-2: Ball 3-2: Strikes out swinging | Batting: RHB Xie-li Fong | 0-0: Called Strike 0-1: Fly out, F6 (Popup, P) | Batting: RHB Dave Anderson | 0-0: Called Strike 0-1: Foul Ball, location: 2F 0-2: Ball 1-2: Ball 2-2: Ball 3-2: Foul Ball, location: 2F 3-2: Foul Ball, location: 2F 3-2: GRAND SLAM HOME RUN (Flyball, 78XD), Distance : 371 ft | Pitching: RHP César Rodríguez | | Batting: RHB Jason Stover | 0-0: Ball 1-0: SOLO HOME RUN (Line Drive, 78XD), Distance : 373 ft | Batting: RHB Jesús Ramos | 0-0: Ball 1-0: Ground out 6-3 (Groundball, 6) | Bottom of the 9th over - 5 runs, 4 hits, 0 errors, 0 left on base; Bismark 8 - Bismarck 7 | |